 Dungeon Crawl Stone Soup version 0.31-a0-844-gdc52ec4e09 (webtiles) character file.

Game seed: 4791884160810097655

504 AncientFaroe the Chopper (level 7, 0/60 HPs)
             Began as a Hill Orc Fighter on Sept 29, 2023.
             Was an Initiate of Beogh.
             Slain by Eustachio the basilisk (3 damage)
             ... while petrified by Eustachio
             ... on level 4 of the Dungeon.
             The game lasted 00:16:07 (3859 turns).

AncientFaroe the Chopper (Hill Orc Fighter)         Turns: 3859, Time: 00:16:08

Health: 0/60       AC: 11    Str: 19    XL:     7   Next: 17%
Magic:  7/7        EV:  2    Int: 14    God:    Beogh [......]
Gold:   136        SH:  0    Dex: 12    Spells: 6/6 levels left

rFire   . . .        a - +0 war axe
rCold   . . .        e - +0 tower shield
rNeg    + + +        b - +0 scale mail
rPois   ∞            n - +0 helmet
rElec   .            i - +2 cloak
rCorr   .            (no gloves)
SInv    .            (no boots)
Will    .....        (no amulet) Stlth
                     u - +6 ring of intelligence
HPRegen 0.30/turn    (no ring)
MPRegen 0.10/turn

%: no passive effects
@: petrified
A: no striking features
a: Renounce Religion


You were on level 4 of the Dungeon.
You worshipped Beogh.
Beogh was noncommittal.
You visited 1 branch of the dungeon, and saw 4 of its levels.

You collected 136 gold pieces.

Inventory:

Hand Weapons
 a - a +0 war axe (weapon)
Armour
 b - a +0 scale mail (worn)
 c - a +0 buckler
 e - a +0 tower shield (worn)
 h - a +0 barding
 i - a +2 cloak (worn)
 n - a +0 helmet (worn)
Jewellery
 u - a +6 ring of intelligence (left hand)
Wands
 t - a wand of flame (39)
Scrolls
 g - a scroll of revelation
 m - 2 scrolls of fear {unknown}
Potions
 d - a potion of might
 j - a potion of curing (quivered)
 l - a potion of attraction {unknown}
 o - a potion of mutation {unknown}
 q - a potion of berserk rage
 r - a potion of invisibility {unknown}
 w - a potion of heal wounds {unknown}


   Skills:
 + Level 4.6 Fighting
 + Level 5.6 Axes
 + Level 4.2 Armour
 + Level 2.2 Dodging
 + Level 0.3 Stealth
 + Level 5.5 Shields
 + Level 0.3 Unarmed Combat


You had 6 spell levels left.
You didn't know any spells.
Your spell library contained the following spells:

 Spells                   Type           Power      Damage    Failure   Level
 Freeze                   Ice            0%         1d3       99%         1
 Magic Dart               Conj           0%         1d3       99%         1
 Call Imp                 Summ           0%         N/A       100%        2
 Cigotuvi's Dreadful Rot  Necr/Pois/Air  0%         N/A       100%        2
 Ensorcelled Hibernation  Hex/Ice        0%         N/A       100%        2
 Passwall                 Tmut/Erth      0%         N/A       100%        2
 Frozen Ramparts          Ice            0%         1d1       100%        3
 Hailstorm                Conj/Ice       0%         3d3       100%        3
 Ignite Poison            Fire/Tmut/Pois 0%         N/A       100%        3
 Mephitic Cloud           Conj/Pois/Air  0%         N/A       100%        3
 Swiftness                Air            0%         N/A       100%        3
 Freezing Cloud           Conj/Ice/Air   0%         6-21      100%        5


Dungeon Overview and Level Annotations

Branches:
Dungeon (4/15)
 Temple: D:4-7

Altars:
Kikubaaqudgha
Okawaru
Wu Jian

Annotations:
D:4 Eustachio


Message History

Eustachio attacks as it pursues you! Eustachio closely misses you.
Eustachio gazes at you.
You are slowing down.
Eustachio gazes at you. You resist with significant effort.
Your limbs are stiffening.
You have turned to stone.
Eustachio gazes at you. You resist with significant effort.
Eustachio bites you!
* * * LOW HITPOINT WARNING * * *
Eustachio bites you but does no damage. x2
Eustachio bites you!
* * * LOW HITPOINT WARNING * * *
Eustachio bites you.
You turn to flesh and can move again.
There is a stone staircase leading up here.
As you read the scroll labelled HOISKI WAUSH, it crumbles to dust.
It is a scroll of enchant armour.
Your +1 cloak glows green for a moment.
You block Eustachio's attack.
As you read the scroll labelled XASTOO DOFURETI, it crumbles to dust.
It is a scroll of identify.
g - a scroll of revelation Eustachio bites you but does no damage.
As you read the scroll labelled ETUGHE XUODEYT, it crumbles to dust.
The creatures around you are filled with an inner flame!
It was a scroll of immolation.
Eustachio gazes at you.
You are slowing down.
Eustachio is nearby!
It was a potion of magic.
Magic courses through your body. You block Eustachio's attack.
Eustachio gazes at you.
Your limbs have turned to stone.
You have turned to stone.
Eustachio bites you!
* * * LOW HITPOINT WARNING * * *
Eustachio gazes at you. Eustachio bites you but does no damage.
Eustachio gazes at you. Eustachio bites you.
You die...

.......#..##.#..##.#..##.#..##.#.
........#.##..#.##..#.##..#.##..#
.......##....##....##....##....##
.........#.##..#.##..#.##..#.##..
.........##.#..##.#..##.#..##.#..
............##...................
.................................
#..#....#........................
#.......#[......@l.........#'#...
......###.[[)#...........###.#.#.
.......##....#...............#.#.
...#...##....#####.....#.#####.#.
...#...##....'............##...#.
.......##....##...........#......
.....................#....)......
.#.##................##..........
..........##...........#.........


You could see Eustachio the basilisk (inner flame).

Vanquished Creatures
  A black bear (D:4)
  A centaur (D:3)
  2 hounds (D:4)
  Ijyb (D:3)
  Natasha (thrice) (D:4)
  An orc wizard (D:4)
  Robin (D:3)
  4 gnolls (D:4)
  3 adders
  2 worms
  2 dart slugs (D:2)
  8 orcs (D:4)
  6 ball pythons
  7 bats
  3 endoplasms
  4 giant cockroaches
  9 goblins
  9 hobgoblins
  7 kobolds
  2 quokkas
  2 frilled lizards (D:2)
  3 rats
81 creatures vanquished.

Vanquished Creatures (others)
  An orc priest (D:4)
  2 orcs (D:4)
3 creatures vanquished.

Grand Total: 84 creatures vanquished

Notes
Turn   | Place    | Note
-------+----------+-------------------------------------------
     0 | D:1      | AncientFaroe the Hill Orc Fighter began the quest for the
                  | Orb.
     0 | D:1      | Reached XP level 1. HP: 19/19 MP: 1/1
   137 | D:1      | Reached XP level 2. HP: 26/27 MP: 2/2
   462 | D:1      | Found a faded altar of an unknown god.
   949 | D:2      | Reached XP level 3. HP: 33/33 MP: 3/3
  1470 | D:3      | Noticed Ijyb
  1521 | D:3      | Killed Ijyb
  1522 | D:3      | Reached XP level 4. HP: 33/40 MP: 4/4
  1655 | D:3      | Noticed Robin
  1659 | D:3      | Reached skill level 1 in Dodging
  1666 | D:3      | Killed Robin
  1774 | D:3      | Noticed a centaur
  1783 | D:3      | Killed a centaur
  1784 | D:3      | Reached XP level 5. HP: 36/47 MP: 5/5
  2471 | D:4      | Noticed Natasha
  2478 | D:4      | Killed Natasha
  2491 | D:4      | Noticed Natasha
  2504 | D:4      | Killed Natasha
  2505 | D:4      | Reached skill level 5 in Axes
  2505 | D:4      | Reached XP level 6. HP: 10/53 MP: 6/6
  2903 | D:4      | Found an iron altar of Okawaru.
  2922 | D:4      | Became a worshipper of Beogh the Brigand
  2931 | D:4      | Reached skill level 5 in Shields
  2946 | D:4      | Found an ornate altar of the Wu Jian Council.
  2946 | D:4      | Noticed Natasha
  2947 | D:4      | Noticed Eustachio
  3167 | D:4      | Eustachio changed into Eustachio the basilisk
  3167 | D:4      | Noticed Eustachio
  3214 | D:4      | Noticed a black bear
  3510 | D:4      | Killed Natasha
  3513 | D:4      | Killed a black bear
  3514 | D:4      | Reached XP level 7. HP: 45/60 MP: 7/7
  3626 | D:4      | Found an ancient bone altar of Kikubaaqudgha.
  3855 | D:4      | HP: 2/60 [Eustachio the basilisk (5)]
  3859 | D:4      | Slain by Eustachio the basilisk

Illustrated notes

Levels and vault maps discovered:
D:1:      wheals_arrival_shading, layout_loops_cross,
          dilly_ecumenical_altar_fadedgnrine, ebering_dispersal_statue_hall
D:2:      layout_loops_cross, palyth_stone_intersect, st_stairs_5,
          nicolae_elevator_lobby_plus
D:3:      layout_basic, uniq_ijyb, uniq_robin
D:4:      layout_basic, kennysheep_little_box,
          nicolae_kikubaaqudgha_miasma_corner, mainiacjoe_overflow_tiny_flanked,
          nicolae_eternal_life, minmay_misc_feat_x, nicolae_the_louvre,
          uniq_eustachio, uniq_natasha

Skill      XL: |  1  2  3  4  5  6 |
---------------+-------------------+-----
Shields        | 4 5 |  5.5
Axes           | 3 4 5 |  5.6
Fighting       | 4 |  4.6
Dodging        | 1 2 |  2.2
Armour         | 4 |  4.2
Stealth        | |  0.3
Unarmed Combat | |  0.3

Action                     |  1- 3 |  4- 6 |  7- 9 || total
---------------------------+-------+-------+-------++-------
  Melee: War axe           |   103 |   176 |     9 ||   288
         Unarmed           |    13 |       |       ||    13
 Invoke: Convert to Beogh  |       |     1 |       ||     1
  Evoke: Wand              |       |     1 |     2 ||     3
    Use: Potion            |       |     1 |     2 ||     3
         Scroll            |       |     2 |     3 ||     5
 Armour: Scale mail        |    81 |   218 |    31 ||   330
         Skin              |     5 |       |       ||     5
  Dodge: Dodged            |    42 |    96 |     2 ||   140
  Block: Tower shield      |    92 |   193 |     8 ||   293

Table legend: (Time is in decaauts)
 A = Elapsed time spent in this place.
 B = Non-inter-level travel time spent in this place.
 C = Inter-level travel time spent in this place.
 D = Time resting spent in this place.
 E = Time spent auto-exploring this place.
 F = Levels seen in this place.
 G = Mean time per level.
                   A        B        C        D        E       F      G
               +--------+--------+--------+--------+--------+-----+--------+
         Total |   4050 |   3854 |    196 |    272 |   2412 |   4 | 1012.5 |
       Dungeon |   4050 |   3854 |    196 |    272 |   2412 |   4 | 1012.5 |
               +--------+--------+--------+--------+--------+-----+--------+

Top non-repeatable levels by time:
     D:4: 1485 daAuts
     D:3: 1162 daAuts
     D:2: 704 daAuts
     D:1: 698 daAuts
